AoeStats
← ILNARIO

Fortress

510613800Analyzed
1v1 RM · 2d ago on Oct 1, 2026· 21m 22s· 2 players
Game mode
Random Map
Map size
Small (3 player)
Population
200
Speed
Normal
Resources
Standard
Victory
Conquest
Starting age
Dark Age
Ending age
Imperial Age
RankedLock teamsTeams togetherTeam positionsShared explorationLock speedFull tech treeHidden civsTurbo modeCheats
Victory
Defeat
🇰🇿 Danes · Kazakhstan
806
+18
🇬🇧 Poles · United Kingdom
859
-18
ILNARIO
8:13 Feudal Age
13:05 Castle Age
10:59 Double-Bit Axe
12:05 Horse Collar
12:33 Loom
14:57 Scale Mail Armor
15:06 Squires
MrIonV
6:53 Feudal Age
15:25 Castle Age
14:54 Double-Bit Axe
14:52 Horse Collar
15:52 Wheelbarrow
16:12 Crossbowman
Connection lost

Rejoining the realm…

Still unreachable

The connection could not be restored.

Session expired

The server has moved on; the page needs a fresh start.